| TOP OF THE 1ST |
|
Gwinnett Braves batting - Pitching for Colorado Springs Sky Sox : RHP Pei Xie
|
|
Pitching: RHP Pei Xie
|
|
|
Batting: RHB Nate Taylor
|
0-0: Ball 1-0: SINGLE (Groundball, 6MD, EV 105.0 MPH)
|
|
Batting: RHB Jeremy Giesler
|
0-0: Called Strike Nate Taylor is caught stealing 2nd base 2-4 0-1: Foul Ball, location: 2F 0-2: Strikes out looking
|
|
Batting: SHB Bob Morales
|
0-0: Foul Ball, location: 2F 0-1: Ball 1-1: Foul Ball, location: 2F 1-2: Single, Error in OF, E8, batter to second base (Line Drive, 78M, EV 90.0 MPH)
|
|
Batting: RHB Muneer Maudad
|
0-0: Called Strike 0-1: Ground out 6-3 (Groundball, 56, EV 98.1 MPH)
|
| Top of the 1st over - 0 runs, 2 hits, 1 error, 1 left on base; Gwinnett 0 - Colorado Springs 0 |
| BOTTOM OF THE 1ST |
|
Colorado Springs Sky Sox batting - Pitching for Gwinnett Braves : LHP Brian Gregory
|
|
Pitching: LHP Brian Gregory
|
|
|
Batting: RHB Juan Figueroa
|
0-0: Ground out 4-3 (Groundball, 4S, EV 88.1 MPH)
|
|
Batting: LHB Steve Gilliam
|
0-0: Foul Ball, location: 2F 0-1: Ball 1-1: Fly out, F9 (Flyball, 9, EV 74.4 MPH)
|
|
Batting: RHB Ryan Rinaldi
|
0-0: Ball 1-0: Called Strike 1-1: Swinging Strike 1-2: Ball 2-2: Ball 3-2: Fly out, F9 (Flyball, 89S, EV 89.4 MPH)
|
| Bottom of the 1st over - 0 runs, 0 hits, 0 errors, 0 left on base; Gwinnett 0 - Colorado Springs 0 |
| TOP OF THE 2ND |
|
Gwinnett Braves batting - Pitching for Colorado Springs Sky Sox : RHP Pei Xie
|
|
Batting: SHB Brian Bagley
|
0-0: Ball 1-0: Called Strike 1-1: Ball 2-1: Ground out 4-3 (Groundball, 34D, EV 105.6 MPH)
|
|
Batting: LHB Chad Persaud
|
0-0: Ball 1-0: Foul Ball, location: 2F 1-1: Fly out, F4 (Popup, 4MS, EV 71.2 MPH)
|
|
Batting: SHB Troy Kenyon
|
0-0: Called Strike 0-1: Called Strike 0-2: Ball 1-2: Fly out, F3 (Popup, 23F, EV 85.0 MPH)
|
| Top of the 2nd over - 0 runs, 0 hits, 0 errors, 0 left on base; Gwinnett 0 - Colorado Springs 0 |
| BOTTOM OF THE 2ND |
|
Colorado Springs Sky Sox batting - Pitching for Gwinnett Braves : LHP Brian Gregory
|
|
Batting: RHB Eric Delgado
|
0-0: Ball 1-0: Called Strike 1-1: Ground out 5-3 (Groundball, 56, EV 76.9 MPH)
|
|
Batting: LHB Iehohs Inatho
|
0-0: Ball 1-0: Foul Ball, location: 2F 1-1: Foul Ball, location: 2F 1-2: Ball 2-2: Fly out, F8 (Flyball, 89D, EV 110.0 MPH)
|
|
Batting: RHB Kevin Tangeman
|
0-0: Called Strike 0-1: Ball 1-1: Foul Ball, location: 2F 1-2: Foul Ball, location: 2F 1-2: SINGLE (Groundball, 6D, EV 103.8 MPH)
|
|
Batting: LHB Kyle Schaible
|
0-0: Ball 1-0: Swinging Strike 1-1: Ball 2-1: Ball Kevin Tangeman steals 2nd base 3-1: Fly out, F8 (Flyball, 8RXD, EV 91.2 MPH)
|
| Bottom of the 2nd over - 0 runs, 1 hit, 0 errors, 1 left on base; Gwinnett 0 - Colorado Springs 0 |
| TOP OF THE 3RD |
|
Gwinnett Braves batting - Pitching for Colorado Springs Sky Sox : RHP Pei Xie
|
|
Batting: RHB Alex Munoz
|
0-0: Reached on error, E6 (Groundball, 6, EV 81.9 MPH)
|
|
Batting: RHB Mike Manchester
|
0-0: Called Strike 0-1: Ball 1-1: Ball 2-1: Fly out, F5 (Popup, 5SF, EV 75.6 MPH)
|
|
Batting: RHB Nate Taylor
|
0-0: Ball 1-0: Called Strike 1-1: Called Strike 1-2: Ball Alex Munoz is caught stealing 2nd base 2-4 2-2: Ground out 5-3 (Groundball, 56S, EV 84.4 MPH)
|
| Top of the 3rd over - 0 runs, 0 hits, 1 error, 0 left on base; Gwinnett 0 - Colorado Springs 0 |
| BOTTOM OF THE 3RD |
|
Colorado Springs Sky Sox batting - Pitching for Gwinnett Braves : LHP Brian Gregory
|
|
Batting: LHB Michael Krott
|
0-0: Called Strike 0-1: Foul Ball, location: 2F 0-2: Foul Ball, location: 2F 0-2: Ball 1-2: Foul Ball, location: 2F 1-2: Ball 2-2: Ball 3-2: Foul Ball, location: 2F 3-2: Fly out, F7 (Line Drive, 7S, EV 95.0 MPH)
|
|
Batting: RHB Pei Xie
|
0-0: Called Strike 0-1: Foul Ball, location: 2F 0-2: Fly out, F8 (Flyball, 8RM, EV 94.4 MPH)
|
|
Batting: RHB Juan Figueroa
|
0-0: Fly out, F8 (Flyball, 8RS, EV 85.6 MPH)
|
| Bottom of the 3rd over - 0 runs, 0 hits, 0 errors, 0 left on base; Gwinnett 0 - Colorado Springs 0 |
| TOP OF THE 4TH |
|
Gwinnett Braves batting - Pitching for Colorado Springs Sky Sox : RHP Pei Xie
|
|
Batting: RHB Jeremy Giesler
|
0-0: Called Strike 0-1: Ball 1-1: Fly out, F8 (Flyball, 8LM, EV 97.5 MPH)
|
|
Batting: SHB Bob Morales
|
0-0: Ground out 4-3 (Groundball, 4D, EV 103.1 MPH)
|
|
Batting: RHB Muneer Maudad
|
0-0: Foul Ball, location: 2F 0-1: Swinging Strike 0-2: Ball 1-2: Foul Ball, location: 2F 1-2: Ball 2-2: SINGLE (Groundball, 6M, EV 107.5 MPH)
|
|
Batting: SHB Brian Bagley
|
0-0: Ball 1-0: Ball 2-0: Ball 3-0: Called Strike Balk! Muneer Maudad to second 3-1: Base on Balls
|
|
Batting: LHB Chad Persaud
|
0-0: Fielders Choice at 2nd, U4 (Groundball, 4M, EV 83.8 MPH)
|
| Top of the 4th over - 0 runs, 1 hit, 0 errors, 2 left on base; Gwinnett 0 - Colorado Springs 0 |
| BOTTOM OF THE 4TH |
|
Colorado Springs Sky Sox batting - Pitching for Gwinnett Braves : LHP Brian Gregory
|
|
Batting: LHB Steve Gilliam
|
0-0: Ball 1-0: Foul Ball, location: 2F 1-1: Foul Ball, location: 2F 1-2: Strikes out swinging
|
|
Batting: RHB Ryan Rinaldi
|
0-0: Ball 1-0: Ball 2-0: Ball 3-0: Base on Balls
|
|
Batting: RHB Eric Delgado
|
0-0: Called Strike 0-1: Swinging Strike 0-2: Ball 1-2: Strikes out swinging
|
|
Batting: LHB Iehohs Inatho
|
0-0: Ball Ryan Rinaldi is caught stealing 2nd base 2-6
|
| Bottom of the 4th over - 0 runs, 0 hits, 0 errors, 0 left on base; Gwinnett 0 - Colorado Springs 0 |
| TOP OF THE 5TH |
|
Gwinnett Braves batting - Pitching for Colorado Springs Sky Sox : RHP Pei Xie
|
|
Batting: SHB Troy Kenyon
|
0-0: Ball 1-0: Ball 2-0: Called Strike 2-1: DOUBLE (Flyball, 7LD, EV 103.8 MPH)
|
|
Batting: RHB Alex Munoz
|
0-0: Ground out U3 (Groundball, 34, EV 91.9 MPH) Troy Kenyon to third
|
|
Batting: RHB Mike Manchester
|
0-0: Called Strike 0-1: Foul Ball, location: 2F 0-2: Ball 1-2: Foul Ball, location: 2F 1-2: Ball 2-2: Ball 3-2: Strikes out swinging
|
|
Batting: RHB Nate Taylor
|
0-0: Ball 1-0: Ball 2-0: Swinging Strike 2-1: Foul Ball, location: 2F 2-2: Fly out, F9 (Flyball, 89M, EV 80.0 MPH)
|
| Top of the 5th over - 0 runs, 1 hit, 0 errors, 1 left on base; Gwinnett 0 - Colorado Springs 0 |
| BOTTOM OF THE 5TH |
|
Colorado Springs Sky Sox batting - Pitching for Gwinnett Braves : LHP Brian Gregory
|
|
Batting: LHB Iehohs Inatho
|
0-0: Swinging Strike 0-1: Ball 1-1: Foul Ball, location: 2F 1-2: Ground out 4-3 (Groundball, 34, EV 86.9 MPH)
|
|
Batting: RHB Kevin Tangeman
|
0-0: Ball 1-0: Ball 2-0: Ball 3-0: Called Strike 3-1: Base on Balls
|
|
Batting: LHB Kyle Schaible
|
0-0: Ball Pickoff Play to 1st, Runner tries for 2nd, OUT after rundown. 1-0: Called Strike 1-1: Ground out 6-3 (Groundball, 6, EV 83.1 MPH)
|
| Bottom of the 5th over - 0 runs, 0 hits, 0 errors, 0 left on base; Gwinnett 0 - Colorado Springs 0 |
| TOP OF THE 6TH |
|
Gwinnett Braves batting - Pitching for Colorado Springs Sky Sox : RHP Pei Xie
|
|
Batting: RHB Jeremy Giesler
|
0-0: Swinging Strike 0-1: Ball 1-1: Swinging Strike 1-2: Strikes out swinging
|
|
Batting: SHB Bob Morales
|
0-0: Ball 1-0: Ball 2-0: SINGLE (Groundball, 34D, EV 96.2 MPH)
|
|
Batting: RHB Muneer Maudad
|
0-0: Called Strike 0-1: Swinging Strike 0-2: Strikes out swinging
|
|
Batting: SHB Brian Bagley
|
0-0: Ball 1-0: SINGLE (Line Drive, 6MD, EV 102.5 MPH) Bob Morales to second
|
|
Batting: LHB Chad Persaud
|
0-0: Ball 1-0: Ball 2-0: Fly out, F9 (Flyball, 9S, EV 90.6 MPH)
|
| Top of the 6th over - 0 runs, 2 hits, 0 errors, 2 left on base; Gwinnett 0 - Colorado Springs 0 |
| BOTTOM OF THE 6TH |
|
Colorado Springs Sky Sox batting - Pitching for Gwinnett Braves : LHP Brian Gregory
|
|
Batting: LHB Michael Krott
|
0-0: Ball 1-0: Fly out, F8 (Flyball, 8RD, EV 100.0 MPH)
|
|
Batting: RHB Pei Xie
|
0-0: Ball 1-0: Ball 2-0: Called Strike 2-1: Ground out 5-3 (Groundball, 56, EV 101.2 MPH)
|
|
Batting: RHB Juan Figueroa
|
0-0: Swinging Strike 0-1: Called Strike 0-2: Foul Ball, location: 2F 0-2: Ball 1-2: Ball 2-2: Fly out, F8 (Flyball, 8LM, EV 90.6 MPH)
|
| Bottom of the 6th over - 0 runs, 0 hits, 0 errors, 0 left on base; Gwinnett 0 - Colorado Springs 0 |
| TOP OF THE 7TH |
|
Gwinnett Braves batting - Pitching for Colorado Springs Sky Sox : RHP Pei Xie
|
|
Batting: SHB Troy Kenyon
|
0-0: Ball 1-0: Ball 2-0: Called Strike 2-1: Foul Ball, location: 2F 2-2: Strikes out swinging
|
|
Batting: RHB Alex Munoz
|
0-0: SINGLE (Flyball, 4D, EV 90.6 MPH)
|
|
Pitching: RHP Davon Ware
|
|
|
Pinch Hitting: LHB Mark Buchholz
|
0-0: Ball 1-0: Ball 2-0: Called Strike Alex Munoz steals 2nd base (no throw) 2-1: Ball 3-1: Ground out 2-3 (Groundball, 15S, EV 66.9 MPH) Alex Munoz to third
|
|
Batting: RHB Nate Taylor
|
0-0: Ball 1-0: Called Strike 1-1: Ball 2-1: Ball 3-1: Swinging Strike 3-2: Foul Ball, location: 2F 3-2: Base on Balls
|
|
Batting: RHB Jeremy Giesler
|
0-0: Ball Nate Taylor steals 2nd base 1-0: Ball 2-0: Called Strike 2-1: Ball 3-1: Foul Ball, location: 2F 3-2: Foul Ball, location: 2F 3-2: Foul Ball, location: 2F 3-2: Ground out 4-3 (Groundball, 4, EV 105.0 MPH)
|
| Top of the 7th over - 0 runs, 1 hit, 0 errors, 2 left on base; Gwinnett 0 - Colorado Springs 0 |
| BOTTOM OF THE 7TH |
|
Colorado Springs Sky Sox batting - Pitching for Gwinnett Braves : LHP Brian Gregory
|
|
Now at 3B: Mark Buchholz
|
|
|
Batting: LHB Steve Gilliam
|
0-0: Called Strike 0-1: Ball 1-1: Ball 2-1: Foul Ball, location: 2F 2-2: Foul Ball, location: 2F 2-2: Foul Ball, location: 2F 2-2: SINGLE (Flyball, 89S, EV 98.1 MPH)
|
|
Batting: RHB Ryan Rinaldi
|
0-0: Called Strike 0-1: SINGLE (Line Drive, 8RS, EV 96.9 MPH) Steve Gilliam to second Runner from 2nd tries for 3rd, SAFE, throw by CF made to third
|
|
Batting: RHB Eric Delgado
|
0-0: Called Strike 0-1: Ball 1-1: Foul Ball, location: 2F 1-2: Ground out 5-3 (Groundball, 5S, EV 71.9 MPH) Ryan Rinaldi to second
|
|
Batting: LHB Iehohs Inatho
|
0-0: Ball 1-0: Swinging Strike 1-1: Swinging Strike 1-2: Strikes out swinging
|
|
Batting: RHB Kevin Tangeman
|
0-0: Intentional Walk
|
|
Batting: LHB Kyle Schaible
|
0-0: Ball 1-0: Ball 2-0: Foul Ball, location: 2F 2-1: Ball 3-1: Ground out 3-1 (Groundball, 34S, EV 62.5 MPH)
|
| Bottom of the 7th over - 0 runs, 2 hits, 0 errors, 3 left on base; Gwinnett 0 - Colorado Springs 0 |
| TOP OF THE 8TH |
|
Gwinnett Braves batting - Pitching for Colorado Springs Sky Sox : RHP Davon Ware
|
|
Batting: SHB Bob Morales
|
0-0: Ball 1-0: Ground out 4-3 (Groundball, 4M, EV 108.8 MPH)
|
|
Batting: RHB Muneer Maudad
|
0-0: Foul Ball, location: 2F 0-1: Ball 1-1: Swinging Strike 1-2: Ball 2-2: Ball 3-2: Strikes out swinging
|
|
Batting: SHB Brian Bagley
|
0-0: Foul Ball, location: 2F 0-1: Foul Ball, location: 2F 0-2: Fly out, F8 (Line Drive, 8LD, EV 90.0 MPH)
|
| Top of the 8th over - 0 runs, 0 hits, 0 errors, 0 left on base; Gwinnett 0 - Colorado Springs 0 |
| BOTTOM OF THE 8TH |
|
Colorado Springs Sky Sox batting - Pitching for Gwinnett Braves : LHP Brian Gregory
|
|
Batting: LHB Michael Krott
|
0-0: Called Strike 0-1: Ball 1-1: Fly out, F4 (Popup, 13, EV 76.9 MPH)
|
|
Batting: RHB Pei Xie
|
0-0: Called Strike 0-1: Swinging Strike 0-2: Ball 1-2: Foul Ball, location: 2F 1-2: Foul Ball, location: 2F 1-2: Strikes out swinging
|
|
Batting: RHB Juan Figueroa
|
0-0: Ball 1-0: Ball 2-0: Ball 3-0: Called Strike 3-1: Base on Balls
|
|
Batting: LHB Steve Gilliam
|
0-0: Ball 1-0: Ball 2-0: Swinging Strike 2-1: Ball 3-1: Base on Balls Juan Figueroa to second
|
|
Pitching: RHP Orlando Velazquez
|
|
|
Batting: RHB Ryan Rinaldi
|
0-0: Foul Ball, location: 2F 0-1: Swinging Strike 0-2: Ball 1-2: Ball 2-2: Foul Ball, location: 2F 2-2: SINGLE (Flyball, 6D, EV 93.1 MPH) Juan Figueroa to third Steve Gilliam to second Runner from 3rd tries for Home, SAFE, throw by CF to home
|
|
Batting: RHB Eric Delgado
|
0-0: Ball 1-0: Called Strike 1-1: Fly out, F7 (Flyball, 7, EV 86.2 MPH)
|
| Bottom of the 8th over - 1 run, 1 hit, 0 errors, 2 left on base; Gwinnett 0 - Colorado Springs 1 |
| TOP OF THE 9TH |
|
Gwinnett Braves batting - Pitching for Colorado Springs Sky Sox : RHP Davon Ware
|
|
Pitching: LHP Armando Florez
|
|
|
Pinch Hitting: RHB Jesse Lester
|
0-0: Foul Ball, location: 2F 0-1: Swinging Strike 0-2: Foul Ball, location: 2F 0-2: DOUBLE (Flyball, 78XD, EV 96.2 MPH)
|
|
Batting: SHB Troy Kenyon
|
0-0: Sac Bunt to 23 - play at first, batter OUT! 3-4 Jesse Lester to third
|
|
Batting: RHB Alex Munoz
|
0-0: Ball 1-0: Bunted foul 1-1: Bunt - Flyout to 5S! F5
|
|
Pinch Hitting: RHB Edgar Castillo
|
0-0: Ball Wild Pitch! Jesse Lester scores 1-0: Foul Ball, location: 2F 1-1: Ball 2-1: Ball 3-1: Called Strike 3-2: Ground out 6-3 (Groundball, 6, EV 81.9 MPH)
|
| Top of the 9th over - 1 run, 1 hit, 0 errors, 0 left on base; Gwinnett 1 - Colorado Springs 1 |
| BOTTOM OF THE 9TH |
|
Colorado Springs Sky Sox batting - Pitching for Gwinnett Braves : RHP Orlando Velazquez
|
|
Now at 3B: Jesse Lester
|
|
|
Now in LF: Edgar Castillo
|
|
|
Batting: LHB Iehohs Inatho
|
0-0: Ball 1-0: Foul Ball, location: 2F 1-1: Called Strike 1-2: Ball 2-2: Strikes out looking
|
|
Pinch Hitting: SHB Chris Besselman
|
0-0: Ball 1-0: Called Strike 1-1: Swinging Strike 1-2: Ball 2-2: Strikes out swinging
|
|
Batting: LHB Kyle Schaible
|
0-0: Ball 1-0: Ball 2-0: Swinging Strike 2-1: Ball 3-1: Called Strike 3-2: Foul Ball, location: 2F 3-2: DOUBLE (Line Drive, 78XD, EV 104.4 MPH)
|
|
Batting: LHB Michael Krott
|
0-0: Intentional Walk
|
|
Batting: RHB Maurice Moore
|
0-0: Ball 1-0: SINGLE (Line Drive, 78S, EV 102.5 MPH) Kyle Schaible to third Michael Krott to second Runner from 3rd tries for Home, SAFE, throw by LF to home
|
| Bottom of the 9th over - 1 run, 2 hits, 0 errors, 2 left on base; Gwinnett 1 - Colorado Springs 2 |
|